 Dungeon Crawl Stone Soup version 0.26-a0-665-gefeb406119 (webtiles) character file.

Game seed: 4478776151507147366

119 jiml777 the Digger (level 5, -2/29 HPs)
             Began as a Gargoyle Earth Elementalist on Oct 15, 2020.
             Slain by Sigmund
             ... wielding a +0 scythe of protection
              (9 damage)
             ... on level 3 of the Dungeon.
             The game lasted 00:12:22 (2694 turns).

jiml777 the Digger (Gargoyle Earth Elementalist)    Turns: 2694, Time: 00:12:22

Health: -2/29      AC:  6    Str: 11    XL:     5   Next: 3%
Magic:  2/9        EV: 12    Int: 17    God:
Gold:   114        SH:  0    Dex: 10    Spells: 8/9 levels left

rFire    . . .     SeeInvis .   d - +2 spear (freeze)
rCold    . . .     Faith    .   (no shield)
rNeg     + . .     Spirit   .   c - +0 robe
rPois    ∞         Reflect  .   p - +0 hat
rElec    +         Harm     .   (no cloak)
rCorr    .         Rampage  .   (no gloves)
MR       .....                  (no boots)
Stlth    ++........             (no amulet)
HPRegen  0.09/turn              (no ring)
MPRegen  0.11/turn              (no ring)

@: no status effects
A: negative energy resistance 1, electricity resistance, unbreathing,
petrification resistance, rot immunity, AC +4
a: no special abilities


You were on level 3 of the Dungeon.
You visited 1 branch of the dungeon, and saw 3 of its levels.

You collected 114 gold pieces.

Inventory:

Hand Weapons
 d - a +2 spear of freezing (weapon)
 h - a +0 dagger
Missiles
 b - 33 stones (quivered)
Armour
 c - a +0 robe (worn)
 p - a +0 hat (worn)
Jewellery
 e - an uncursed amulet of faith
 q - an uncursed ring of ice
Wands
 j - a wand of acid (9)
Scrolls
 a - 4 scrolls of random uselessness {unknown}
 f - a scroll of magic mapping {unknown}
 g - 5 scrolls of identify {unknown}
 k - a scroll of teleportation {unknown}
 m - a scroll of enchant weapon {unknown}
 o - 2 scrolls of remove curse {unknown}
Potions
 i - a potion of heal wounds {unknown}
 l - a potion of resistance {unknown}
 n - a potion of haste {unknown}
 r - a potion of curing


   Skills:
 + Level 1.0 Fighting
   Level 0.2 Maces & Flails
 * Level 1.8 Polearms
 + Level 1.7 Dodging
 + Level 2.8 Stealth
 + Level 2.9 Spellcasting
   Level 0.7 Transmutations
 + Level 4.5 Earth Magic


You had 8 spell levels left.
You knew the following spells:

 Your Spells              Type           Power        Failure   Level
a - Sandblast             Erth           ###...       2%          1

Your spell library contained the following spells:

 Spells                   Type           Power        Failure   Level
 Passwall                 Tmut/Erth      ##......     9%          2
 Stone Arrow              Conj/Erth      ##....       22%         3
 Petrify                  Tmut/Erth      ##......     52%         4
 Lee's Rapid Deconstruct  Erth           ###.......   61%         5


Dungeon Overview and Level Annotations

Branches:
Dungeon (3/15)

Altars:
Fedhas
Wu Jian

Annotations:
D:3 Sigmund


Innate Abilities, Weirdness & Mutations

You are resistant to torment.
Your stone body is resilient. (AC +4)
You are immune to poison.
You resist negative energy. (rN+)
You are resistant to electric shocks. (rElec)
You can survive without breathing.
You are immune to petrification.
You are immune to rotting.


Message History

Confirm with . or Enter, or press ? or * to list all spells.
Press: ? - help, Shift-Dir - straight line The blast of sand hits something but does no damage.
b - 33 stones The bat closely misses you.
The adder closely misses you. Something hits you but does no damage.
The bat barely misses you. The adder bites you.
You hit something. You freeze something. The bat hits you but does no damage.
You hear some strange, mumbled words.
A puff of flame appears from out of thin air!
The puff of flame misses you.
The puff of flame hits the adder!
The adder dies!
You hit something but do no damage. The bat misses you. Something hits you.
* * * LOW HITPOINT WARNING * * *
You hit something. You freeze something. The bat hits you but does no damage.
Something hits you but does no damage.
You hit something but do no damage. The bat closely misses you.
You closely miss something. The bat hits you but does no damage.
Something hits you!
You die...

#...# #...# ##...##
⌠...8 #...# ### #...#
#.. ##...##..
#8?..8#.# ##@..##.#
#.{....# #.b.##.# #
.......#..# #######..
.#.#####..# #........
#..####..# #.<†.....
##.......## #.)†.....
#....###..###........
#...# #..............


You could see a bat.

Vanquished Creatures
  4 adders (D:2)
  An ufetubus (D:2)
  2 oozes
  4 worms (D:2)
  2 dart slugs (D:1)
  2 leopard geckos
  2 ball pythons
  8 bats
  5 giant cockroaches
  3 hobgoblins (D:1)
  A quokka (D:2)
  3 frilled lizards
  5 goblins
  7 kobolds
  7 rats
56 creatures vanquished.

Vanquished Creatures (others)
  An adder (D:3)
  A plant (D:2)
2 creatures vanquished.

Grand Total: 58 creatures vanquished

Notes
Turn   | Place    | Note
-------+----------+-------------------------------------------
     0 | D:1      | jiml777 the Gargoyle Earth Elementalist began the quest for
                  | the Orb.
     0 | D:1      | Reached XP level 1. HP: 10/10 MP: 3/3
   607 | D:1      | Reached XP level 2. HP: 15/15 MP: 3/5
   668 | D:1      | Reached skill level 4 in Earth Magic
   986 | D:1      | Reached XP level 3. HP: 19/19 MP: 6/6
  1895 | D:2      | Reached XP level 4. HP: 22/24 MP: 8/8
  1993 | D:2      | Found a blossoming altar of Fedhas.
  2014 | D:2      | Reached skill level 1 in Polearms
  2123 | D:2      | Found an ornate altar of the Wu Jian Council.
  2554 | D:3      | Reached XP level 5. HP: 28/28 MP: 9/9
  2569 | D:3      | Reached skill level 1 in Fighting
  2676 | D:3      | Noticed Sigmund
  2694 | D:3      | Slain by Sigmund

Illustrated notes

Levels and vault maps discovered:
D:1:      minmay_arrival_stair_chambers, layout_loops_ring
D:2:      layout_basic, fedhas_ov_isle_minmay, nicolae_overflow_hidden_temple
D:3:      layout_rooms, lemuel_doored_altar, serial_corexii_hall,
          chequers_hall_statues_corner_a, corexii_hall_statues_i,
          cheibrodos_sewer_entry_drain, uniq_sigmund, uniq_natasha

Skill      XL: |  1  2  3  4  5 |
---------------+----------------+-----
Earth Magic    | 4 |  4.5
Polearms       | 1 |  1.8
Fighting       | 1 |  1.0
Maces & Flails | |  0.2
Dodging        | |  1.7
Stealth        | |  2.8
Spellcasting   | |  2.9
Transmutations | |  0.7

Action                   |  1- 3 |  4- 6 || total
-------------------------+-------+-------++-------
Melee: Unarmed           |     7 |       ||     7
       Club              |    30 |       ||    30
       Spear             |    44 |    64 ||   108
 Cast: Sandblast         |    19 |     8 ||    27
 Stab: Sleeping          |     3 |     4 ||     7
Armor: Robe              |    12 |    27 ||    39
Dodge: Dodged            |    43 |    38 ||    81

Table legend: (Time is in decaauts)
 A = Elapsed time spent in this place.
 B = Non-inter-level travel time spent in this place.
 C = Inter-level travel time spent in this place.
 D = Time resting spent in this place.
 E = Time spent auto-exploring this place.
 F = Levels seen in this place.
 G = Mean time per level.
                   A        B        C        D        E       F      G
               +--------+--------+--------+--------+--------+-----+--------+
         Total |   2711 |   2658 |     53 |    979 |   1041 |   3 |  903.7 |
       Dungeon |   2711 |   2658 |     53 |    979 |   1041 |   3 |  903.7 |
               +--------+--------+--------+--------+--------+-----+--------+

Top non-repeatable levels by time:
     D:1: 1562 daAuts
     D:2: 1007 daAuts
     D:3: 141 daAuts
